 Dungeon Crawl Stone Soup version 0.23-a0-375-g66a18ee (webtiles) character file.

343 Garbasso the Caller (level 6, -3/36 HPs)
             Began as an Octopode Summoner on Oct 26, 2018.
             Slain by a phantom (10 damage)
             ... on level 4 of the Dungeon.
             The game lasted 00:16:53 (3909 turns).

Garbasso the Caller (Octopode Summoner)             Turns: 3909, Time: 00:16:53

Health: -3/36      AC:  1    Str:  7    XL:     6   Next: 57%
Magic:  6/11       EV: 15    Int: 19    God:
Gold:   174        SH:  0    Dex: 16    Spells: 2/12 levels left

rFire    . . .     SeeInvis .   k - +3 mace of Qaga {elec, +Blink Dex+3 Stlth+} (curse)
rCold    . . .     Gourm    .   (no shield)
rNeg     . . .     Faith    .   (helmet restricted)
rPois    .         Spirit   .   (no amulet)
rElec    .         Reflect  .   h - +1 ring of evasion
rCorr    .         Harm     .   (no ring)
MR       .....                  (no ring)
Stlth    +++++.....             (no ring)
HPRegen  0.12/turn              (no ring)
MPRegen  0.12/turn              (no ring)
                                (no ring)
                                (no ring)

@: no status effects
A: almost no armour, stealthy swim, amphibious, 8 rings, constrict 8, camouflage
1, gelatinous body 1
a: Evoke Blink


You were on level 4 of the Dungeon.
You were not hungry.

You visited 1 branch of the dungeon, and saw 4 of its levels.
You also visited: Sewer.

You collected 174 gold pieces.

Inventory:

Hand Weapons
 c - a +1 short sword of draining
 k - the cursed +3 mace of Qaga (weapon) {elec, +Blink Dex+3 Stlth+}
   (You found it on level 4 of the Dungeon)

   Occasionally, upon striking a foe, it will discharge some electrical energy
   and cause terrible harm.
   It affects your dexterity (+3).
   It lets you blink.
   It makes you more stealthy.
   It has a curse placed upon it.
 u - a +0 trident
Missiles
 a - 144 stones (quivered)
Armour
 f - a +1 buckler
Jewellery
 h - a +1 ring of evasion (left tentacle)
Scrolls
 d - a scroll of remove curse
 e - a scroll of blinking
 j - 2 scrolls of enchant armour
 l - 2 scrolls of teleportation
 n - a scroll of fear
Potions
 g - a potion of magic {unknown}
 i - a potion of invisibility {unknown}
 m - 2 potions of haste {unknown}
 o - a potion of lignification {unknown}
 p - 2 potions of heal wounds
 q - a potion of ambrosia {unknown}
 s - 2 potions of berserk rage
 t - 2 potions of might
Comestibles
 b - 10 rations


   Skills:
 - Level 2.0 Dodging
 + Level 3.8 Stealth
 + Level 3.5 Spellcasting
 + Level 5.9 Summonings
 * Level 2.5 Ice Magic


You had 2 spell levels left.
You knew the following spells:

 Your Spells              Type           Power        Failure   Level  Hunger
a - Summon Small Mammal   Summ           ####         1%          1    None
b - Call Imp              Summ           ####....     1%          2    ##.....
c - Call Canine Familiar  Summ           ####....     3%          3    ###....
d - Summon Ice Beast      Ice/Summ       ###.....     26%         4    ####...

Your spell library contained the following spells:

 Spells                   Type           Power        Failure   Level  Hunger
 Summon Guardian Golem    Hex/Summ       ##......     13%         3    ###....
 Summon Lightning Spire   Summ/Air       ##......     38%         4    ####...


Dungeon Overview and Level Annotations

Branches:
Dungeon (4/15)
 Temple: D:4-7

Altars:
The Shining One


Innate Abilities, Weirdness & Mutations

You cannot wear most types of armour.
You are very stealthy in the water. (Stealth+)
You are amphibious.
You can wear up to eight rings at the same time.
You can use your tentacles to constrict eight enemies at once.
Your skin changes colour to match your surroundings (Stealth+).
Your rubbery body absorbs attacks. (AC +1, EV +1)


Message History

The phantom hits you!
The phantom blinks!
Found a grey potion.
You swap places.
Your white imp hits the phantom but does no damage.
Your crimson imp blinks!
You barely miss the phantom.
The phantom is severely damaged.
Your crimson imp closely misses the phantom.
The phantom hits you.
The phantom blinks!
Your crimson imp misses the phantom.
Your white imp hits the phantom but does no damage.
The phantom hits your white imp.
Your white imp dies!
Your crimson imp blinks!
The phantom hits you!
* * * LOW HITPOINT WARNING * * *
You barely miss the phantom.
The phantom is severely damaged.
The phantom hits you!
You die...

........#..###.#
###.##..#..# #.#
# #..#..# ..#
#.....# .##
#.....# .#
#.....##.# #
#.....5#.##
#.##.##.....?##
#..>.....@....#
####.#...§W..##
#[.5#..#.##
###....#.#
.....#.# ###..##
#..# #.%# ..#


You could see a phantom and 2 friendly crimson imps.

Vanquished Creatures
  A hound (D:4)
  2 river rats (D:4)
  3 adders
  2 dart slugs
  A leopard gecko (D:2)
  4 giant cockroaches
  5 goblins
  4 hobgoblins
  3 jackals
  A quokka (D:4)
  2 bats (D:2)
  3 frilled lizards
  5 kobolds
  7 rats
43 creatures vanquished.

Vanquished Creatures (collateral kills)
  Sigmund (D:4)
  Purgy (Sewer)
  Crazy Yiuf (D:4)
  An orc wizard (D:4)
  Terence (D:2)
  A gnoll (D:1)
  2 adders (D:2)
  2 river rats (D:4)
  An ooze (D:2)
  A worm (D:3)
  A dart slug (D:2)
  3 orcs
  3 giant cockroaches
  3 goblins
  3 hobgoblins
  4 jackals
  5 bats (Sewer)
  2 frilled lizards (D:1)
  2 kobolds
  3 rats
41 creatures vanquished.

Grand Total: 84 creatures vanquished

Notes
Turn   | Place    | Note
-------+----------+-------------------------------------------
     0 | D:1      | Garbasso the Octopode Summoner began the quest for the Orb.
     0 | D:1      | Reached XP level 1. HP: 11/11 MP: 3/3
    67 | D:1      | Reached XP level 2. HP: 6/17 MP: 1/5
   132 | D:1      | Learned a level 2 spell: Call Imp
   570 | D:1      | Reached XP level 3. HP: 21/21 MP: 2/6
   612 | D:1      | Learned a level 3 spell: Call Canine Familiar
  1289 | D:2      | Noticed Terence
  1296 | D:2      | Killed Terence
  1296 | D:2      | Reached skill level 5 in Summonings
  1296 | D:2      | Reached XP level 4. HP: 23/27 MP: 0/8
  1964 | D:3      | Found a glowing golden altar of the Shining One.
  2270 | D:3      | Reached XP level 5. HP: 30/31 MP: 9/9
  2276 | D:3      | Learned a level 4 spell: Summon Ice Beast
  2828 | D:4      | Noticed Sigmund
  3020 | D:4      | Reached skill level 1 in Ice Magic
  3068 | D:4      | Found a glowing drain.
  3075 | Sewer    | Entered a sewer
  3315 | Sewer    | Noticed Purgy
  3331 | Sewer    | Killed Purgy
  3483 | D:4      | Reached XP level 6. HP: 36/36 MP: 9/11
  3533 | D:4      | Found a runed door.
  3537 | D:4      | Noticed Crazy Yiuf
  3548 | D:4      | Killed Crazy Yiuf
  3553 | D:4      | Got a translucent mace
  3554 | D:4      | Identified the cursed +3 mace of Qaga {elec, +Blink Dex+3
                  | Stlth+} (You found it on level 4 of the Dungeon)
  3662 | D:4      | Killed Sigmund
  3860 | D:4      | Noticed a phantom
  3909 | D:4      | Slain by a phantom

Vault maps used:
D:1:      lemuel_arrival_cross, corexii_hall_statues_i, st_stairs_10,
          hangedman_decor_points, minmay_tetromino_o2
D:2:      st_stairs_1, uniq_terence
D:3:      tso_metal_star, minmay_stone_trees_small, mrwooster_statue_mirror
D:4:      portal_sewer_entry_e, eino_small_chamber_without_monster,
          uniq_crazy_yiuf_cottage, uniq_natasha, uniq_sigmund
Sewer:    sewer_big_baddie

Skill      XL: |  1  2  3  4  5 |
---------------+----------------+-----
Summonings     | 5 |  5.9
Spellcasting   | 3 |  3.5
Stealth        | 3 |  3.8
Ice Magic      | 2 |  2.5
Dodging        | |  2.0

Action                   |  1- 3 |  4- 6 || total
-------------------------+-------+-------++-------
Melee: Unarmed           |     8 |       ||     8
       Short sword       |    23 |    61 ||    84
       Constrict         |    11 |    17 ||    28
       Tentacles         |     6 |     8 ||    14
       Spear             |    12 |       ||    12
       Trident           |       |     9 ||     9
       Mace              |       |     5 ||     5
Throw: Stone             |       |     2 ||     2
 Cast: Summon Small Mamm |     5 |     8 ||    13
       Call Imp          |    13 |    40 ||    53
       Call Canine Famil |     3 |     3 ||     6
  Use: Scroll            |       |    13 ||    13
       Potion            |       |     1 ||     1
 Stab: Sleeping          |     4 |     9 ||    13
  Eat: Chunk             |     2 |    10 ||    12
Armor: Skin              |     1 |     6 ||     7
Dodge: Dodged            |    25 |    69 ||    94

Table legend:
 A = Non-vault XP
 B = Vault XP
 C = Vault XP percentage of total XP
 D = Non-vault monster count
 E = Vault monster count
 F = Vault count percentage of total count
                 A         B        C        D         E       F
            +---------+---------+-------+---------+---------+-------
      Total |     198 |     292 |  59.6 |      60 |      24 |  28.6
            +---------+---------+-------+---------+---------+-------
        D:1 |      33 |       4 |  10.8 |      15 |       3 |  16.7
        D:2 |      59 |      42 |  41.6 |      25 |       5 |  16.7
        D:3 |      32 |       0 |   0.0 |      13 |       0 |   0.0
        D:4 |      74 |     177 |  70.5 |       7 |      10 |  58.8
      Sewer |       0 |      69 | 100.0 |       0 |       6 | 100.0
            +---------+---------+-------+---------+---------+-------
